 Dungeon Crawl Stone Soup version 0.25.1-2-g60ff931df9 (webtiles) character file.

Game seed: 13973393392081941987

5595 Chiseanne the Magician (level 10, -4/74 HPs)
             Began as a Gnoll Wanderer on Aug 12, 2020.
             Was an Initiate of Gozag.
             Slain by a centaur
             ... wielding a +0 vorpal scimitar
              (7 damage)
             ... on level 7 of the Dungeon.
             The game lasted 00:28:54 (7261 turns).

Chiseanne the Magician (Gnoll Wanderer)             Turns: 7261, Time: 00:28:55

Health: -4/74      AC:  9    Str: 16    XL:     10   Next: 73%
Magic:  21/21      EV: 13    Int: 15    God:    Gozag
Gold:   606        SH:  5    Dex: 20    Spells: 22/24 levels left

rFire    . . .     SeeInvis .   a - +8 rapier of Victory {vorpal, rN+ MR+ Dex+4}
rCold    + . .     Gourm    .   (no shield)
rNeg     + . .     Faith    .   l - +0 scale mail
rPois    +         Spirit   .   (no helmet)
rElec    .         Reflect  +   (no cloak)
rCorr    .         Harm     .   g - +1 pair of gloves
MR       +....                  (no boots)
Stlth    ++........             y - amulet of reflection
HPRegen  0.22/turn              k - ring of poison resistance
MPRegen  0.17/turn              n - ring of protection from cold

@: no status effects
A: distributed training, fangs 1, strong nose
a: Potion Petition, Call Merchant, Bribe Branch, Renounce Religion


You were on level 7 of the Dungeon.
You worshipped Gozag.
Gozag was pleased with you.
You were hungry.

You visited 2 branches of the dungeon, and saw 8 of its levels.

You collected 855 gold pieces.
You spent 154 gold pieces at shops.
You paid 95 gold pieces to Gozag.

Inventory:

Hand Weapons
 a - the +8 rapier of Victory (weapon) {vorpal, rN+ MR+ Dex+4}
   (You found it on level 6 of the Dungeon)

   It inflicts extra damage upon your enemies.
   It affects your dexterity (+4).
   It protects you from negative energy.
   It affects your resistance to hostile enchantments.
 s - a +2 trident of protection
 u - a +1 morningstar of holy wrath
 w - a +3 shortbow
 G - the +8 hand axe "Muumipef" {pain, +Fly Str+2}
   (You took it off a big kobold on level 7 of the Dungeon)

   In the hands of one skilled in necromantic magic, it inflicts extra damage on
   living creatures.
   It affects your strength (+2).
   It lets you fly.
Missiles
 c - 13 boomerangs
 d - 72 sling bullets
 o - 70 arrows
 p - 14 poisoned darts (quivered)
 A - 27 bolts
Armour
 g - a +1 pair of gloves (worn)
 j - a +1 ring mail of poison resistance
 l - a +0 scale mail (worn)
 B - the +1 leather armour of Uticvuk {rElec rPois rC+ Regen+}
   (You took it off a big kobold on level 7 of the Dungeon)

   It protects you from cold.
   It insulates you from electricity.
   It protects you from poison.
   It increases your rate of regeneration.
Jewellery
 k - a ring of poison resistance (left hand)
 n - a ring of protection from cold (right hand)
 y - an amulet of reflection (around neck)
 D - an uncursed ring of magical power {unknown}
 F - an uncursed ring of protection from cold
Wands
 h - a wand of flame (20)
 q - a wand of iceblast (3)
 E - a wand of disintegration (1)
Scrolls
 e - a scroll of amnesia
 t - a scroll of remove curse
 x - a scroll of fear
 z - a scroll of blinking
 C - a scroll of teleportation
Potions
 i - a potion of flight
 m - a potion of brilliance
 r - a potion of ambrosia
 v - a potion of stabbing
Comestibles
 f - 4 rations


   Skills:
 + Level 5.4 Fighting
 + Level 5.4 Short Blades
 + Level 5.4 Long Blades
 + Level 5.4 Axes
 + Level 5.4 Maces & Flails
 + Level 5.4 Polearms
 + Level 5.4 Staves
 + Level 5.4 Slings
 + Level 5.4 Bows
 + Level 5.4 Crossbows
 + Level 6.1 Throwing
 + Level 5.4 Armour
 + Level 6.1 Dodging
 + Level 6.9 Stealth
 + Level 5.4 Shields
 + Level 5.4 Unarmed Combat
 + Level 7.5 Spellcasting
 + Level 4.5 Conjurations
 + Level 4.5 Hexes
 + Level 4.5 Charms
 + Level 6.0 Summonings
 + Level 5.0 Necromancy
 + Level 4.5 Translocations
 + Level 4.5 Transmutations
 + Level 4.5 Fire Magic
 + Level 4.5 Ice Magic
 + Level 4.5 Air Magic
 + Level 4.5 Earth Magic
 + Level 4.5 Poison Magic
 + Level 6.0 Invocations
 + Level 6.1 Evocations


You had 22 spell levels left.
You knew the following spells:

 Your Spells              Type           Power        Failure   Level  Hunger
a - Blink                 Tloc           N/A          10%         2    None

Your spell library contained the following spells:

 Spells                   Type           Power        Failure   Level  Hunger
 Call Imp                 Summ           ###.....     5%          2    None
 Magic Dart               Conj           ###.         7%          1    None
 Slow                     Hex            ###.....     10%         2    None
 Conjure Flame            Conj/Fire      ###.....     21%         3    ##.....
 Mephitic Cloud           Conj/Pois/Air  ###.....     21%         3    ##.....


Dungeon Overview and Level Annotations

Branches:
Dungeon (7/15)             Temple (1/1) D:6

Altars:
Ashenzari
Dithmenos
Elyvilon
Fedhas
Gozag
Nemelex Xobeh
Trog
Vehumet
Xom
Zin

Shops:
D:6 !

Annotations:
D:2 Sigmund


Innate Abilities, Weirdness & Mutations

Your experience applies equally to all skills.
You have very sharp teeth.
Your uncanny sense of smell can sniff out nearby items.


Message History

You see here an arrow.
The centaur shoots an arrow.
The arrow hits you.
* * * LOW HITPOINT WARNING * * *
Found a leatherbound book and a shiny scale mail.
The centaur is too close now for your liking.
Something hits you.
* * * LOW HITPOINT WARNING * * *
Deactivating autopickup; reactivate with Ctrl-A.
The centaur unwields a +0 shortbow.
The centaur wields a +0 vorpal scimitar.
The centaur closely misses you. Something hits you!
* * * LOW HITPOINT WARNING * * *
You completely miss the centaur. You bite the centaur, but do no damage.
You block the centaur's attack. Something hits you!
* * * LOW HITPOINT WARNING * * *
You feel better. Something completely misses you. Something hits you!
* * * LOW HITPOINT WARNING * * *
The centaur hits you with a +0 vorpal scimitar!
You die...
Your body crumbles into a pile of gold.

#####....#####
.............###. ∆
####>............ ##
................. #.
...#.#.##........ #.#
...#.#.##.########..#
##.#.#.##.# #...#.(#
...#.#.##.###...#(.#
####.#.##.#...#c@..#
#.#.##.#..##.#..#
####.#.##.#...[.#...#
....).....###.####..#
.....<#..##..#..###..#
...#.#).##..###..# #...
...#.#)##.#.....#.####.#
## #.#[#...##.##...# ..:
..#[#.#.#...#.#.# .[


You could see a centaur.

Vanquished Creatures
  A two-headed ogre (D:7)
  Pikel (D:7)
  A hornet (D:7)
  A slime creature (D:6)
  Menkaure (D:5)
  Duvessa (D:7)
  2 water moccasins
  2 ice beasts
  An orc warrior (D:6)
  A phantom (D:7)
  A necrophage (D:7)
  3 sky beasts
  A slave (D:7)
  5 ogres
  3 centaurs
  2 big kobolds (D:7)
  2 bullfrogs
  A gnoll sergeant (D:6)
  Dowan (D:7)
  2 scorpions
  2 killer bees
  3 howler monkeys
  6 crimson imps
  A centaur zombie (D:5)
  2 jellies
  A bullfrog zombie (D:5)
  8 hounds
  7 orc priests
  3 bullfrog skeletons
  2 iguanas
  4 orc wizards
  8 worker ants
  3 worker ant zombies
  2 gnolls (D:6)
  16 adders
  A howler monkey skeleton (D:7)
  2 river rats (D:4)
  A shadow imp (Temple)
  An adder zombie (D:2)
  5 worms
  2 dart slugs
  5 leopard geckos
  28 orcs
  A ball python (D:4)
  6 giant cockroaches
  5 hobgoblins
  4 jackals
  5 quokkas
  5 bats
  A frilled lizard (D:1)
  A giant cockroach zombie (D:5)
  5 goblins
  A jackal zombie (D:5)
  3 kobolds
  A leopard gecko skeleton (D:7)
  A quokka skeleton (D:6)
  7 rats
192 creatures vanquished.

Vanquished Creatures (others)
  2 slaves (D:7)
  3 gnolls (D:7)
  An orc (D:7)
  A giant cockroach (D:7)
7 creatures vanquished.

Grand Total: 199 creatures vanquished

Notes
Turn   | Place    | Note
-------+----------+-------------------------------------------
     0 | D:1      | Chiseanne the Gnoll Wanderer began the quest for the Orb.
     0 | D:1      | Chiseanne set off with the following items: a +0 club, 2
                  | potions of lignification, a +0 robe, a +0 dagger, a ration;
                  | and the following spell memorised: Magic Dart; and the
                  | following spells available to memorise: Call Imp, Blink,
                  | Slow, Conjure Flame, Mephitic Cloud
     0 | D:1      | Reached XP level 1. HP: 13/13 MP: 6/6
   394 | D:1      | Reached XP level 2. HP: 19/19 MP: 1/7
   759 | D:2      | Learned a level 2 spell: Blink
   874 | D:2      | Reached skill level 5 in Spellcasting
   874 | D:2      | Reached XP level 3. HP: 25/25 MP: 6/9
  1006 | D:2      | Reached skill level 1 in Invocations
  1121 | D:3      | Reached skill level 1 in Fighting
  1121 | D:3      | Reached skill level 1 in Short Blades
  1121 | D:3      | Reached skill level 1 in Long Blades
  1121 | D:3      | Reached skill level 1 in Axes
  1121 | D:3      | Reached skill level 1 in Maces & Flails
  1121 | D:3      | Reached skill level 1 in Polearms
  1121 | D:3      | Reached skill level 1 in Staves
  1121 | D:3      | Reached skill level 1 in Slings
  1121 | D:3      | Reached skill level 1 in Bows
  1121 | D:3      | Reached skill level 1 in Crossbows
  1121 | D:3      | Reached skill level 1 in Armour
  1121 | D:3      | Reached skill level 1 in Shields
  1121 | D:3      | Reached skill level 1 in Unarmed Combat
  1121 | D:3      | Reached XP level 4. HP: 23/32 MP: 11/11
  1307 | D:3      | Found a shimmering altar of Xom.
  1582 | D:3      | Found a shattered altar of Ashenzari.
  1597 | D:3      | Reached skill level 1 in Conjurations
  1597 | D:3      | Reached skill level 1 in Hexes
  1597 | D:3      | Reached skill level 1 in Charms
  1597 | D:3      | Reached skill level 1 in Translocations
  1597 | D:3      | Reached skill level 1 in Transmutations
  1597 | D:3      | Reached skill level 1 in Fire Magic
  1597 | D:3      | Reached skill level 1 in Ice Magic
  1597 | D:3      | Reached skill level 1 in Air Magic
  1597 | D:3      | Reached skill level 1 in Earth Magic
  1597 | D:3      | Reached skill level 1 in Poison Magic
  1796 | D:4      | Reached XP level 5. HP: 28/37 MP: 1/12
  1892 | D:4      | Noticed an ogre
  2021 | D:2      | Noticed Sigmund
  2160 | D:4      | Reached XP level 6. HP: 40/44 MP: 13/13
  2328 | D:5      | Entered Level 5 of the Dungeon
  2335 | D:5      | Found a bloodstained altar of Trog.
  2410 | D:5      | Reached XP level 7. HP: 33/50 MP: 15/15
  3158 | D:4      | Reached skill level 5 in Stealth
  3328 | D:5      | Reached XP level 8. HP: 51/57 MP: 16/16
  3669 | D:5      | Noticed Menkaure
  3672 | D:5      | Killed Menkaure
  3872 | D:5      | Reached skill level 6 in Spellcasting
  4711 | D:5      | Reached XP level 9. HP: 65/65 MP: 18/18
  4729 | D:6      | Found Sion's Distillery.
  4733 | D:6      | Found a staircase to the Ecumenical Temple.
  4744 | D:6      | Reached skill level 5 in Summonings
  4765 | Temple   | Entered the Ecumenical Temple
  4832 | Temple   | Became a worshipper of Gozag Ym Sagoz the Greedy
  4936 | D:6      | Bought a potion of berserk rage for 70 gold pieces
  5093 | D:6      | Bought a potion of curing for 42 gold pieces
  5093 | D:6      | Bought a potion of flight for 42 gold pieces
  5410 | D:6      | Reached skill level 5 in Throwing
  5410 | D:6      | Reached skill level 5 in Dodging
  5410 | D:6      | Reached skill level 5 in Evocations
  5456 | D:6      | Got a fine rapier
  5458 | D:6      | Identified the +8 rapier of Victory {vorpal, rN+ MR+ Dex+4}
                  | (You found it on level 6 of the Dungeon)
  5598 | D:6      | Found a radiant altar of Vehumet.
  5598 | D:6      | Found a shadowy altar of Dithmenos.
  5599 | D:6      | Found a glowing silver altar of Zin.
  5993 | D:7      | Noticed Duvessa
  5993 | D:7      | Noticed Dowan
  6013 | D:7      | Killed Duvessa
  6013 | D:7      | Reached skill level 5 in Invocations
  6018 | D:7      | Killed Dowan
  6120 | D:7      | Noticed Pikel
  6148 | D:7      | Killed Pikel
  6148 | D:7      | Reached skill level 7 in Spellcasting
  6148 | D:7      | Reached XP level 10. HP: 63/73 MP: 20/20
  6477 | D:7      | Reached skill level 5 in Fighting
  6477 | D:7      | Reached skill level 5 in Short Blades
  6477 | D:7      | Reached skill level 5 in Long Blades
  6477 | D:7      | Reached skill level 5 in Axes
  6477 | D:7      | Reached skill level 5 in Maces & Flails
  6477 | D:7      | Reached skill level 5 in Polearms
  6477 | D:7      | Reached skill level 5 in Staves
  6477 | D:7      | Reached skill level 5 in Slings
  6477 | D:7      | Reached skill level 5 in Bows
  6477 | D:7      | Reached skill level 5 in Crossbows
  6477 | D:7      | Reached skill level 5 in Armour
  6477 | D:7      | Reached skill level 5 in Shields
  6477 | D:7      | Reached skill level 5 in Unarmed Combat
  6489 | D:7      | Noticed a two-headed ogre
  6500 | D:7      | Killed a two-headed ogre
  7100 | D:7      | Reached skill level 5 in Necromancy
  7120 | D:7      | Identified the +1 leather armour of Uticvuk {rElec rPois
                  | rC+ Regen+}
  7179 | D:7      | Identified the +8 hand axe "Muumipef" {pain, +Fly Str+2}
  7260 | D:7      | HP: 3/74 [something (9)]
  7261 | D:7      | Slain by a centaur

Illustrated notes

Levels and vault maps discovered:
D:1:      lightli_arrival_maybe_door_vault, layout_rooms, minmay_octomino_e4
D:2:      minmay_spotlight, layout_basic, lemuel_doored_altar,
          minmay_misc_feat_x, uniq_sigmund, uniq_jessica
D:3:      layout_loops_ring, cheibrodos_ashenzari_chains, xom_teletrap_fun,
          first_ration, kennysheep_doodads
D:4:      kb_forest_paths, layout_basic, lightli_sewer_entry_pipes
D:5:      cheibrodos_fzero, layout_layer_cave, lemuel_round_altar,
          kennysheep_big_empty_room, uniq_menkaure
D:6:      layout_loops_ring, makhleb_grotto_becter, kennysheep_little_box,
          gammafunk_temple_overflow_claw, minmay_temple_entry_mist,
          serial_shops, shop
D:7:      minmay_the_grid_octo_tiled_squarecenter [minmay_the_grid_octo_focus,
          minmay_the_grid_octo_odd_swirl, minmay_the_grid_octo_teeth,
          minmay_the_grid_octo_vomiting_pacman,
          minmay_the_grid_square_5x5_megaprize_crossed,
          minmay_the_grid_square_5x5_slash, minmay_the_grid_square_5x5_inset,
          minmay_the_grid_square_5x5_corner, minmay_the_grid_square_5x5_plus],
          layout_basic, uniq_duvessa, uniq_pikel
Temple:   minmay_temple_forest_path

Skill      XL: |  1  2  3  4  5  6  7  8  9 10 |
---------------+-------------------------------+-----
Necromancy     | 2 3 4 5 |  5.0
Spellcasting   | 5 6 7 |  7.5
Invocations    | 1 2 3 4 5 6 |  6.0
Fighting       | 1 2 3 4 5 |  5.4
Short Blades   | 1 2 3 4 5 |  5.4
Long Blades    | 1 2 3 4 5 |  5.4
Axes           | 1 2 3 4 5 |  5.4
Maces & Flails | 1 2 3 4 5 |  5.4
Polearms       | 1 2 3 4 5 |  5.4
Staves         | 1 2 3 4 5 |  5.4
Slings         | 1 2 3 4 5 |  5.4
Bows           | 1 2 3 4 5 |  5.4
Crossbows      | 1 2 3 4 5 |  5.4
Armour         | 1 2 3 4 5 |  5.4
Shields        | 1 2 3 4 5 |  5.4
Unarmed Combat | 1 2 3 4 5 |  5.4
Conjurations   | 1 2 3 4 |  4.5
Hexes          | 1 2 3 4 |  4.5
Charms         | 1 2 3 4 |  4.5
Translocations | 1 2 3 4 |  4.5
Transmutations | 1 2 3 4 |  4.5
Fire Magic     | 1 2 3 4 |  4.5
Ice Magic      | 1 2 3 4 |  4.5
Air Magic      | 1 2 3 4 |  4.5
Earth Magic    | 1 2 3 4 |  4.5
Poison Magic   | 1 2 3 4 |  4.5
Throwing       | 3 4 5 6 |  6.1
Dodging        | 3 4 5 6 |  6.1
Summonings     | 4 5 6 |  6.0
Evocations     | 3 4 5 6 |  6.1
Stealth        | 5 6 |  6.9

Action                   |  1- 3 |  4- 6 |  7- 9 | 10-12 || total
-------------------------+-------+-------+-------+-------++-------
Melee: Club              |    20 |       |       |       ||    20
       Bite              |     6 |    16 |    55 |    16 ||    93
       Short sword       |    32 |    28 |       |       ||    60
       Trident           |       |   114 |   279 |       ||   393
       Dagger            |       |     6 |   116 |       ||   122
       Punch             |       |     1 |    10 |     1 ||    12
       Rapier            |       |       |    88 |   108 ||   196
 Fire: Shortbow          |       |       |    17 |       ||    17
Throw: Boomerang         |       |     1 |       |       ||     1
       Dart              |       |       |    24 |     4 ||    28
 Cast: Magic Dart        |    53 |    44 |       |       ||    97
Evoke: Wand              |       |       |     3 |       ||     3
  Use: Scroll            |     3 |     6 |     9 |       ||    18
       Potion            |     1 |     2 |     5 |     1 ||     9
 Stab: Sleeping          |     2 |     1 |     2 |       ||     5
       Invisible         |     2 |     1 |       |       ||     3
       Distracted        |       |       |     2 |     1 ||     3
  Eat: Chunk             |     1 |     4 |     9 |       ||    14
       Ration            |       |       |     2 |       ||     2
Armor: Robe              |     6 |       |       |       ||     6
       Leather armour    |    14 |     9 |       |       ||    23
       Scale mail        |       |    55 |   216 |    22 ||   293
       Skin              |       |     9 |    22 |       ||    31
Dodge: Dodged            |    54 |    84 |   289 |    50 ||   477
Block: Other             |       |       |     1 |    16 ||    17
